 Dungeon Crawl Stone Soup version 0.19.1 (webtiles) character file.

13280 kae the Basher (level 12, -3/93 HPs)
             Began as a Formicid Fighter on Dec 4, 2016.
             Was a Priest of Makhleb.
             Killed from afar by an electric eel (11 damage)
             ... with a bolt of electricity
             ... on level 2 of the Lair of Beasts.
             The game lasted 00:16:07 (10424 turns).

kae the Basher (Formicid Fighter)                  Turns: 10424, Time: 00:16:08

Health: -3/93      AC: 22    Str: 24    XL:     12   Next: 30%
Magic:  17/17      EV:  7    Int: 10    God:    Makhleb [***...]
Gold:   788        SH: 26    Dex: 10    Spells: 0 memorised, 11 levels left

rFire  . . .     SeeInvis +     y - +3 whip (elec)
rCold  + . .     Gourm    .     E - +1 chain mail {rC+}
rNeg   . . .     Faith    .     l - +2 large shield {AC+3}
rPois  .         Spirit   .     (helmet unavailable)
rElec  .         Reflect  +     h - +0 cloak
rCorr  .         Harm     .     (no gloves)
MR     +....                    (no boots)
Stlth  ..........               b - +6 amulet of reflection
                                B - +4 ring of protection
                                r - ring of stealth

@: no status effects
A: permanent stasis, dig shafts and tunnels, four strong arms, antennae 3,
molten scales 1, rugged brown scales 1
a: Dig, Shaft Self, Minor Destruction, Lesser Servant of Makhleb, Renounce
Religion


You were on level 2 of the Lair of Beasts.
You worshipped Makhleb.
Makhleb was most pleased with you.
You were hungry.

You visited 2 branches of the dungeon, and saw 12 of its levels.
You also visited: Bailey.

You collected 788 gold pieces.

Inventory:

Hand Weapons
 a - a +0 flail
 x - a +1 whip of freezing
 y - a +3 whip of electrocution (weapon)
Missiles
 t - 2 throwing nets (quivered)
Armour
 h - a +0 cloak (worn)
 l - a +2 large shield of protection (worn)
 E - a +1 chain mail of cold resistance (worn)
Jewellery
 b - a +6 amulet of reflection (around neck)
 r - a ring of stealth (left hand)
 B - a +4 ring of protection (right hand)
 U - an uncursed ring of fire
Wands
 c - a wand of random effects (23/48)
 s - a wand of lightning (9/15)
 v - a wand of digging (0/24)
 C - a wand of paralysis (6/24)
 F - a wand of paralysis (4/24)
 I - a wand of iceblast (6/15)
 K - a wand of lightning (6/15)
 L - a wand of flame (8/48)
 O - a wand of paralysis (8/24)
 R - a wand of lightning (8/15)
 T - a wand of lightning (12/15)
 V - a wand of acid (9/15)
Scrolls
 j - 2 scrolls of enchant armour
 n - 2 scrolls of amnesia
 H - a scroll of torment
 M - 2 scrolls of remove curse
 Q - a scroll of fog
Potions
 d - 5 potions of might
 e - a potion of mutation {unknown}
 i - 2 potions of curing
 k - a potion of degeneration {unknown}
 m - 4 potions of brilliance
 o - 2 potions of magic
 p - 5 potions of lignification
 w - 2 potions of ambrosia
 z - a potion of berserk rage {unknown}
 A - 2 potions of resistance
 D - 3 potions of invisibility
 N - 3 potions of heal wounds
 P - a potion of flight {unknown}
Books
 J - a book of Party Tricks

   Spells                             Type                      Level
   a - Summon Butterflies             Summoning                    1
   b - Apportation                    Translocation                1
   c - Lesser Beckoning               Translocation                3
   d - Tukima's Dance                 Hexes                        3
   e - Alistair's Intoxication        Transmutation/Poison         5
   f - Invisibility                   Hexes                        6
 W - a book of Power

   Spells                             Type                      Level
   a - Fulminant Prism                Conjuration/Hexes            4
   b - Iskenderun's Mystic Blast      Conjuration                  4
   c - Venom Bolt                     Conjuration/Poison           5
   d - Bolt of Magma                  Conjuration/Fire/Earth       5
   e - Iron Shot                      Conjuration/Earth            6
   f - Orb of Destruction             Conjuration                  7
   g - Spellforged Servitor           Conjuration/Summoning        7
Comestibles
 f - 5 bread rations
 g - 2 meat rations
 q - 3 beef jerkies
 u - a slice of pizza
 G - 2 chunks of flesh
 S - a royal jelly


   Skills:
 + Level 7.4 Fighting
 * Level 12.8(13.0) Maces & Flails
   Level 3.2(9.1) Staves
 + Level 7.0 Armour
 + Level 11.0 Shields
 + Level 7.1 Invocations


You had 11 spell levels left.
You didn't know any spells.

Dungeon Overview and Level Annotations

Branches:
Dungeon (10/15)            Temple (0/1) D:7            Lair (2/6) D:9
  Swamp: Lair:2-4    Shoals: Lair:2-4     Snake: Lair:2-4    Spider: Lair:2-4
    Orc: D:9-12

Altars:
Fedhas
Kikubaaqudgha
Makhleb
Ru
Trog
Uskayaw
Zin

Shops:
D:5 :


Innate Abilities, Weirdness & Mutations

You are under a permanent stasis effect.
You can dig through walls and to a lower floor.
Your four strong arms can wield two-handed weapons with a shield.
You have a pair of large antennae on your head. (SInv)
You are partially covered in molten scales. (AC +2)
You are partially covered in rugged brown scales. (AC +1, +3% HP)


Message History

The bolt of electricity hits you!
* * * LOW HITPOINT WARNING * * *
The bolt of electricity hits you!
* * * LOW HITPOINT WARNING * * *
The bolt of electricity misses the electric eel.
You hit the electric eel.
The electric eel is almost dead.
The electric eel shoots out a bolt of lightning at you!
The bolt of electricity hits you!
* * * LOW HITPOINT WARNING * * *
The bolt of electricity hits you!
The bolt of electricity hits the electric eel.
The electric eel completely resists.
You hit the electric eel but do no damage.
The electric eel is almost dead.
The electric eel shoots out a bolt of lightning at you!
The bolt of electricity hits you!
* * * LOW HITPOINT WARNING * * *
The bolt of electricity hits you!
You die...

#..........##...#
##..........[##..#
#...........##...#
##............##...
#.#...........#####
#.#..........## ##
#.#...........###..
{
#.#................
##@;...............
#;≈...............
#≈≈...............
≈≈≈≈≈.........#..#.
≈≈≈≈≈.......... #..
≈≈≈≈≈≈.... ...
#≈≈≈≈≈≈... #...
#≈≈≈≈≈.... #.. #..


You could see 2 electric eels.

Vanquished Creatures
  Erica (D:8)
  Pikel (D:6)
  The ghost of ReniFell the Thaumaturge, a novice DEFE (D:6)
  A hill giant (D:10)
  An elephant (Lair:1)
  A black mamba (Lair:1)
  2 spiny frogs (Lair:1)
  A troll (D:10)
  A two-headed ogre (D:9)
  Prince Ribbit (D:8)
  A blink frog (Lair:1)
  7 hippogriffs
  A shadow (D:10)
  3 basilisks
  16 yaks
  A hungry ghost (D:8)
  4 water moccasins
  6 orc warriors
  4 slaves
  2 black bears
  2 sky beasts
  An ice beast (D:6)
  2 phantoms
  11 wolves (Lair:1)
  7 centaurs
  An ogre (D:5)
  3 bullfrogs
  5 scorpions
  3 jellies
  3 howler monkeys (D:8)
  A quasit (D:7)
  A crimson imp (D:6)
  A bullfrog zombie (D:6)
  5 hounds
  2 orc priests
  Jessica (D:3)
  Natasha (D:2)
  An iguana (D:9)
  7 orc wizards
  12 worker ants
  A hound zombie (D:9)
  A worker ant zombie (D:10)
  4 gnolls
  12 adders
  A shadow imp (D:8)
  4 worms
  3 dart slugs
  4 leopard geckos
  34 orcs
  10 bats
  3 giant cockroaches
  11 goblins
  11 hobgoblins
  20 jackals
  A quokka (D:6)
  2 ball pythons
  5 frilled lizards
  A giant cockroach zombie (D:5)
  14 kobolds
  A leopard gecko skeleton (D:4)
  A quokka zombie (D:7)
  6 rats
  A plant (D:2)
277 creatures vanquished.

Vanquished Creatures (others)
  7 kobolds (Bailey)
7 creatures vanquished.

Grand Total: 284 creatures vanquished

Notes
Turn   | Place    | Note
-------+----------+-------------------------------------------
     0 | D:1      | kae the Formicid Fighter began the quest for the Orb.
     0 | D:1      | Reached XP level 1. HP: 18/18 MP: 1/1
    42 | D:1      | Reached XP level 2. HP: 20/24 MP: 2/2
    61 | D:1      | Reached skill level 3 in Maces & Flails
   113 | D:1      | Reached XP level 3. HP: 24/29 MP: 3/3
   785 | D:1      | Found a sacrificial altar of Ru.
   834 | D:2      | Reached XP level 4. HP: 33/35 MP: 4/4
   848 | D:2      | Reached skill level 4 in Maces & Flails
  1526 | D:2      | Noticed Natasha
  1538 | D:2      | Killed Natasha
  1538 | D:2      | Reached skill level 1 in Staves
  1538 | D:2      | Reached XP level 5. HP: 31/41 MP: 5/5
  1806 | D:3      | Noticed Jessica
  1821 | D:3      | Killed Jessica
  2355 | D:4      | Reached XP level 6. HP: 44/47 MP: 6/6
  2496 | D:4      | Reached skill level 5 in Maces & Flails
  2981 | D:4      | Reached XP level 7. HP: 52/52 MP: 7/7
  3012 | D:5      | Entered Level 5 of the Dungeon
  3265 | D:5      | Noticed a water moccasin
  3274 | D:5      | Killed a water moccasin
  3274 | D:5      | Reached skill level 6 in Maces & Flails
  3274 | D:5      | Reached skill level 5 in Shields
  3592 | D:5      | Reached XP level 8. HP: 33/58 MP: 8/8
  3595 | D:5      | Reached skill level 7 in Maces & Flails
  4099 | D:5      | Found Gyipyrch's Book Shop.
  4296 | D:6      | Reached skill level 8 in Maces & Flails
  4297 | D:6      | Noticed Pikel
  4359 | D:6      | Noticed ReniFell's ghost (novice DEFE)
  5012 | D:5      | Identified a scroll of acquirement
  5036 | D:6      | Killed ReniFell's ghost
  5036 | D:6      | Reached skill level 9 in Maces & Flails
  5036 | D:6      | Reached XP level 9. HP: 45/64 MP: 9/9
  5170 | D:6      | Killed Pikel
  5170 | D:6      | Reached skill level 10 in Maces & Flails
  5589 | D:7      | Found a burning altar of Makhleb.
  5603 | D:7      | Became a worshipper of Makhleb the Destroyer
  5657 | D:7      | Found a hide-covered altar of Uskayaw.
  5827 | D:7      | Found a bloodstained altar of Trog.
  5965 | D:7      | Found a staircase to the Ecumenical Temple.
  5979 | D:7      | Reached skill level 1 in Invocations
  6167 | D:8      | Reached XP level 10. HP: 66/70 MP: 11/11
  6192 | D:8      | Noticed Erica
  6211 | D:8      | Killed Erica
  6437 | D:8      | Reached skill level 11 in Maces & Flails
  6704 | D:8      | Reached * piety under Makhleb
  6738 | D:8      | Noticed Prince Ribbit
  6747 | D:8      | Killed Prince Ribbit
  7370 | D:9      | Found a staircase to the Lair.
  7473 | D:9      | Found a glowing silver altar of Zin.
  7486 | D:9      | Reached skill level 5 in Fighting
  7561 | D:9      | Found a flagged portal.
  7570 | Bailey   | Entered a bailey
  7576 | Bailey   | Noticed an orc warlord
  7749 | Bailey   | Found a runed gate.
  7751 | Bailey   | Found a runed gate.
  7753 | Bailey   | Found a runed gate.
  7883 | Bailey   | Reached skill level 5 in Armour
  8375 | D:9      | Reached XP level 11. HP: 80/80 MP: 14/14
  8400 | D:9      | Found an ancient bone altar of Kikubaaqudgha.
  8667 | D:9      | Found a blossoming altar of Fedhas.
  8711 | D:10     | Entered Level 10 of the Dungeon
  8797 | D:10     | Reached skill level 5 in Invocations
  8812 | D:10     | Reached ** piety under Makhleb
  8812 | D:10     | Reached skill level 10 in Shields
  8948 | D:10     | Noticed a hill giant
  8960 | D:10     | Killed a hill giant
  8960 | D:10     | Reached skill level 12 in Maces & Flails
  9465 | Lair:1   | Entered Level 1 of the Lair of Beasts
  9474 | Lair:1   | Gained mutation: You are partially covered in molten scales. (AC +2) [potion of beneficial mutation]
  9475 | Lair:1   | Gained mutation: You are partially covered in rugged brown scales. (AC +1, +3% HP) [potion of beneficial mutation]
  9570 | Lair:1   | Reached *** piety under Makhleb
  9849 | Lair:1   | Reached XP level 12. HP: 91/91 MP: 16/16
 10424 | Lair:2   | Killed from afar by an electric eel

Skill      XL: |  1  2  3  4  5  6  7  8  9 10 11 12 |
---------------+-------------------------------------+-----
Maces & Flails | 3 4 5 6 9 10 11 12 | 12.8
Staves         | 1 3 |  3.2
Shields        | 4 5 7 8 9 10 11 | 11.0
Invocations    | 1 4 6 7 |  7.1
Fighting       | 5 6 7 |  7.4
Armour         | 5 6 7 |  7.0

Action                   |  1- 3 |  4- 6 |  7- 9 | 10-12 || total
-------------------------+-------+-------+-------+-------++-------
Melee: Flail             |   135 |    47 |       |       ||   182
       Quarterstaff      |       |   108 |       |       ||   108
       Whip              |       |    62 |   220 |   664 ||   946
 Abil: Dig               |       |       |     7 |     4 ||    11
Evoke: Wand              |       |       |       |     6 ||     6
  Use: Scroll            |     1 |       |    14 |     7 ||    22
       Potion            |       |       |     1 |     3 ||     4
  Eat: Chunk             |       |     6 |    11 |    14 ||    31
       Fruit             |       |       |       |     2 ||     2
Armor: Scale mail        |    78 |    58 |    31 |       ||   167
       Chain mail        |       |       |    17 |   109 ||   126
Dodge: Dodged            |    55 |    42 |    30 |    44 ||   171
Block: Shield            |   112 |    99 |    57 |       ||   268
       Large shield      |       |       |    59 |   439 ||   498
       Reflection        |       |       |       |    38 ||    38
